 Dungeon Crawl Stone Soup version 0.24.0-2-g5b39cebb1c (webtiles) character file.

Game seed: 3264887574287631057, levelgen mode: deterministic

18648 roguesci the Brawler (level 12, -9/115 HPs)
             Began as a Troll Monk on Oct 31, 2019.
             Was an Elder of Ru.
             Killed from afar by a manticore (17 damage)
             ... with a volley of spikes
             ... on level 14 of the Dungeon.
             The game lasted 00:43:03 (11201 turns).

roguesci the Brawler (Troll Monk)                  Turns: 11201, Time: 00:43:09

Health: -9/115     AC:  8    Str: 26    XL:     12   Next: 29%
Magic:  11/11      EV: 13    Int:  6    God:    Ru [****..]
Gold:   614        SH:  0    Dex: 14    Spells: 4/11 levels left

rFire    + . .     SeeInvis .     - Unarmed
rCold    + . .     Gourm    +   (no shield)
rNeg     . . .     Faith    .   c - +0 troll leather armour
rPois    .         Spirit   .   (helmet restricted)
rElec    .         Reflect  .   m - scarf {rC+ rF+}
rCorr    +         Harm     .   (gloves unavailable)
MR       .....                  (boots unavailable)
Stlth    ..........             (no amulet)
HPRegen  1.09/turn              v - ring of resist corrosion
MPRegen  0.12/turn              j - +2 ring of dexterity

@: about to teleport, barbed spikes, very slightly contaminated
A: large, unfitting armour, claws 3, fast metabolism 3, gourmand, regeneration
1, shaggy fur 1, tough skin 3, no stealth, inability to use devices, hated by
all, disrupted magic 1
a: Draw Out Power, Power Leap, Renounce Religion


You were on level 14 of the Dungeon.
You worshipped Ru.
Ru was greatly pleased with you.
You were very full.

You visited 2 branches of the dungeon, and saw 15 of its levels.

You collected 614 gold pieces.

Inventory:

Missiles
 d - 407 stones (quivered)
 r - a throwing net
 t - 3 large rocks
Armour
 c - a +0 troll leather armour (worn)
 e - a +1 cloak
 f - a scarf of spirit shield
 m - a scarf of resistance (worn)
 w - a +1 robe of magic resistance
Jewellery
 j - a +2 ring of dexterity (right claw)
 v - a ring of resist corrosion (left claw)
 y - an uncursed ring of resist corrosion
Scrolls
 a - a scroll of noise {unknown}
 g - a scroll of enchant weapon
 k - 3 scrolls of teleportation
 l - 4 scrolls of identify
 n - 4 scrolls of remove curse
 q - a scroll of magic mapping
 x - a scroll of immolation {unknown}
 A - 4 scrolls of enchant armour
Potions
 h - 4 potions of flight
 i - a potion of resistance
 o - a potion of magic
 p - 2 potions of brilliance
 B - a potion of agility
Comestibles
 b - 2 rations


   Skills:
 * Level 6.4 Fighting
 - Level 2.0 Armour
 + Level 6.0 Dodging
 * Level 15.9 Unarmed Combat
 * Level 5.4 Necromancy


You had 4 spell levels left.
You knew the following spells:

 Your Spells              Type           Power        Failure   Level  Hunger
a - Regeneration          Chrm/Necr      #.........   58%         3    ####...
b - Animate Skeleton      Necr           N/A          10%         1    ##.....
d - Apportation           Tloc           #.....       58%         1    ##.....
e - Blink                 Tloc           N/A          71%         2    ###....

Your spell library contained the following spells:

 Spells                   Type           Power        Failure   Level  Hunger
 Pain                     Necr           #...         10%         1    ##.....
 Vampiric Draining        Necr           #.........   26%         3    ####...
 Confusing Touch          Hex            #.....       58%         1    ##.....
 Freeze                   Ice            #...         58%         1    ##.....
 Magic Dart               Conj           #...         58%         1    ##.....
 Sandblast                Erth           #.....       58%         1    ##.....
 Passwall                 Tmut/Erth      #.......     71%         2    ###....
 Slow                     Hex            #.......     71%         2    ###....
 Throw Frost              Conj/Ice       #.....       71%         2    ###....
 Conjure Flame            Conj/Fire      #.......     90%         3    ####...
 Mephitic Cloud           Conj/Pois/Air  #.......     90%         3    ####...
 Ozocubu's Armour         Chrm/Ice       #.......     90%         3    ####...
 Stone Arrow              Conj/Erth      #.....       90%         3    ####...
 Petrify                  Tmut/Erth      #.......     100%        4    #####..
 Throw Icicle             Conj/Ice       #.......     100%        4    #####..
 Lee's Rapid Deconstruct  Erth           #.........   100%        5    ######.
 Summon Small Mammal      Summ           Unusable     N/A         1    N/A
 Animate Dead             Necr           Unusable     N/A         4    N/A
 Call Imp                 Summ           Unusable     N/A         2    N/A
 Summon Ice Beast         Ice/Summ       Unusable     N/A         4    N/A

Dungeon Overview and Level Annotations

Branches:
Dungeon (15/15)            Temple (1/1) D:4            Lair (0/6) D:11
    Orc (0/2) D:11
 Vaults: D:13-14     Depths: D:15

Altars:
Ashenzari
Cheibriados
Dithmenos
Elyvilon
Fedhas
Gozag
Hepliaklqana
Kikubaaqudgha
Makhleb
Nemelex Xobeh
Okawaru
Qazlal
Ru
Sif Muna
Trog
Uskayaw
Vehumet
Wu Jian
Xom
Yredelemnul
Zin
The Shining One
Beogh

Annotations:
D:12 2 transporters, Uvvog's ghost, journeyman GnNe
D:15 Roxanne


Innate Abilities, Weirdness & Mutations

You are too large for most types of armour.
You have claws for hands.
Your metabolism is lightning-fast.
You like to eat raw meat.
Your natural rate of healing is unusually fast.
You are covered in fur. (AC +1)
You have extremely tough skin. (AC +3)
You cannot be stealthy.
You cannot study or use magical devices.
You are hated by all.
Your casting is slightly disrupted.


Message History

3 slime creatures come into view.
The slime creature quivers. x2
The efreet gestures at you. The bolt of fire hits you! You resist.
* * * LOW HITPOINT WARNING * * *
You focus your will and slow the efreet in retribution!
What are your orders? t - Shout!
Orders for allies: a - Attack new target. r - Retreat! s - Stop attacking. g - Guard the area. f - Follow me.
Anything else - Cancel.
Okay, then.
As you read the scroll of teleportation, it crumbles to dust.
You feel strangely unstable.
Two slime creatures merge to form a large slime creature.
The manticore flicks its tail.
The volley of spikes hits you!
The barbed spikes become lodged in your body.
You die...

##########
.#
#.@.J..J..
ā—‹./
#.########
.ā—‹.. #.#
#.R.H #.#
#....ā—‹#H#
#....cā—‹R#
#...c.###
......
..###


You could see a large slime creature, a slime creature, a manticore and an
efreet.

Vanquished Creatures
  A hydra (D:11)
  A centaur warrior (D:9)
  A two-headed ogre (D:11)
  2 unseen horrors
  3 ugly things
  A manticore (D:11)
  A cyclops (D:10)
  An elephant (D:11)
  A gargoyle (D:10)
  A komodo dragon (D:15)
  5 trolls
  A hornet (D:11)
  Prince Ribbit (D:7)
  3 hippogriffs
  3 wyverns
  17 yaks
  A human (D:11)
  A water elemental (D:12)
  3 hogs (D:11)
  A hungry ghost (D:8)
  A basilisk (D:11)
  A steam dragon (D:12)
  Menkaure (D:7)
  A soldier ant (D:12)
  3 black bears
  5 ice beasts
  4 sky beasts
  A necrophage (D:7)
  An eye of draining (D:11)
  7 orc warriors
  2 phantoms
  8 ogres
  8 centaurs
  2 crocodiles (D:11)
  Blork the orc (D:6)
  A big kobold (D:10)
  A gnoll sergeant (D:8)
  8 bullfrogs
  2 scorpions
  6 killer bees (D:9)
  5 wights (D:12)
  2 electric eels (D:12)
  A centaur zombie (D:8)
  A howler monkey (D:9)
  5 crimson imps
  3 bullfrog zombies
  3 jellies
  2 bullfrog skeletons
  4 hounds
  A quasit (D:11)
  3 centaur skeletons
  7 orc priests
  Crazy Yiuf (D:6)
  5 iguanas
  9 orc wizards
  10 worker ants
  A hound zombie (D:6)
  A worker ant zombie (D:6)
  11 gnolls
  A howler monkey skeleton (D:9)
  8 adders
  2 shadow imps
  2 oozes
  2 adder zombies
  A dart slug (D:1)
  5 worms
  7 leopard geckos
  67 orcs
  6 bats
  4 giant cockroaches
  9 hobgoblins
  4 jackals
  6 quokkas
  2 ball pythons (D:1)
  3 frilled lizards
  12 goblins
  10 kobolds
  7 rats
346 creatures vanquished.

Vanquished Creatures (others)
  An adder (D:8)
  A fungus (D:11)
  A plant (D:11)
3 creatures vanquished.

Grand Total: 349 creatures vanquished

Notes
Turn   | Place    | Note
-------+----------+-------------------------------------------
     0 | D:1      | roguesci the Troll Monk began the quest for the Orb.
     0 | D:1      | Reached XP level 1. HP: 22/22 MP: 0/0
   328 | D:1      | Reached XP level 2. HP: 29/29 MP: 1/1
   929 | D:2      | Reached XP level 3. HP: 23/36 MP: 2/2
  1037 | D:2      | Reached skill level 4 in Unarmed Combat
  1158 | D:2      | Reached XP level 4. HP: 45/45 MP: 3/3
  1680 | D:3      | Reached XP level 5. HP: 53/53 MP: 4/4
  1847 | D:3      | Noticed a centaur
  1853 | D:3      | Reached skill level 5 in Unarmed Combat
  1862 | D:3      | Killed a centaur
  1943 | D:3      | Reached XP level 6. HP: 61/61 MP: 5/5
  2134 | D:4      | Reached skill level 6 in Unarmed Combat
  2295 | D:4      | Found a staircase to the Ecumenical Temple.
  2310 | Temple   | Entered the Ecumenical Temple
  2576 | Temple   | Became a worshipper of Ru the Awakened
  2579 | Temple   | Gained mutation: Your casting is slightly disrupted. [Ru
                  | sacrifice]
  2917 | D:4      | Reached XP level 7. HP: 48/67 MP: 3/6
  3274 | D:4      | Reached skill level 7 in Unarmed Combat
  3639 | D:5      | Entered Level 5 of the Dungeon
  3662 | D:5      | Learned a level 3 spell: Regeneration
  3664 | D:5      | Learned a level 1 spell: Animate Skeleton
  3666 | D:5      | Learned a level 1 spell: Summon Small Mammal
  3668 | D:5      | Learned a level 1 spell: Apportation
  4579 | D:6      | Reached skill level 8 in Unarmed Combat
  4660 | D:6      | Found a runed translucent door.
  4661 | D:6      | Noticed Crazy Yiuf
  4666 | D:6      | Paralysed by Crazy Yiuf for 5 turns
  4681 | D:6      | Killed Crazy Yiuf
  4795 | D:6      | Noticed Blork the orc
  4804 | D:6      | Killed Blork the orc
  4804 | D:6      | Reached skill level 1 in Necromancy
  4914 | D:6      | Reached XP level 8. HP: 74/78 MP: 7/7
  5071 | D:6      | Reached skill level 9 in Unarmed Combat
  5178 | D:6      | Gained mutation: You are hated by all. [Ru sacrifice]
  5178 | D:6      | Reached * piety under Ru
  5178 | D:6      | Reached ** piety under Ru
  5472 | D:7      | Reached skill level 10 in Unarmed Combat
  5739 | D:7      | Reached XP level 9. HP: 76/84 MP: 8/8
  5803 | D:7      | Noticed Prince Ribbit
  5813 | D:7      | Killed Prince Ribbit
  5870 | D:7      | Noticed Menkaure
  6108 | D:7      | Killed Menkaure
  6476 | D:8      | Reached skill level 11 in Unarmed Combat
  7494 | D:9      | Learned a level 2 spell: Blink
  7501 | D:9      | Noticed a troll
  7507 | D:9      | Killed a troll
  7558 | D:9      | Reached skill level 12 in Unarmed Combat
  7558 | D:9      | Reached XP level 10. HP: 94/94 MP: 9/9
  7564 | D:9      | Gained mutation: You cannot be stealthy. [Ru sacrifice]
  7730 | D:9      | Reached skill level 5 in Fighting
  7750 | D:9      | Found a bloodstained altar of Trog.
  7977 | D:9      | Noticed a centaur warrior
  7988 | D:9      | Killed a centaur warrior
  7988 | D:9      | Reached skill level 1 in Armour
  8098 | D:9      | Reached skill level 5 in Dodging
  8467 | D:10     | Entered Level 10 of the Dungeon
  8467 | D:10     | Noticed a gargoyle
  8473 | D:10     | Killed a gargoyle
  8638 | D:10     | Killed an unseen horror
  8638 | D:10     | Reached skill level 13 in Unarmed Combat
  8644 | D:10     | Noticed a cyclops
  8653 | D:10     | Killed a cyclops
  8811 | D:10     | Found a roughly hewn altar of Beogh.
  8832 | D:10     | Reached XP level 11. HP: 103/104 MP: 10/10
  9199 | D:10     | Reached skill level 14 in Unarmed Combat
  9235 | D:10     | Gained mutation: You cannot study or use magical devices.
                  | [Ru sacrifice]
  9235 | D:10     | Reached *** piety under Ru
  9235 | D:10     | Reached **** piety under Ru
  9573 | D:11     | Noticed a brown ugly thing
  9583 | D:11     | Killed a brown ugly thing
  9737 | D:11     | Found a staircase to the Lair.
  9848 | D:11     | Noticed a two-headed ogre
  9853 | D:11     | Killed a two-headed ogre
  9867 | D:11     | Noticed a red ugly thing
  9879 | D:11     | Killed a red ugly thing
 10058 | D:11     | Killed an unseen horror
 10058 | D:11     | Reached skill level 15 in Unarmed Combat
 10092 | D:11     | Found a blossoming altar of Fedhas.
 10105 | D:11     | Found a staircase to the Orcish Mines.
 10110 | D:11     | Reached skill level 5 in Necromancy
 10514 | D:12     | Found a transporter.
 10520 | D:12     | Reached XP level 12. HP: 114/114 MP: 11/11
 10571 | D:12     | Noticed a seven-headed hydra
 10599 | D:11     | Killed a ten-headed hydra
 10677 | D:12     | Noticed Uvvog's ghost (journeyman GnNe)
 10680 | D:12     | Noticed a tengu warrior
 10680 | D:12     | Found a bloodstained altar of Trog.
 11091 | D:12     | Found a transporter.
 11120 | D:12     | You fall into a shaft and drop 3 floors!
 11120 | D:15     | Entered Level 15 of the Dungeon
 11120 | D:15     | Noticed a two-headed ogre
 11135 | D:15     | Identified Roxanne's Guide on Moulding
 11135 | D:15     | Noticed Roxanne
 11136 | D:15     | Noticed a centaur warrior
 11201 | D:14     | Killed from afar by a manticore

Levels and vault maps discovered:
D:1:      lightli_arrival_lavapool, layout_loops_corners,
          kennysheep_another_room
D:2:      layout_rooms, corexii_corridor_pit, hex_medium
D:3:      layout_loops_ring, first_ration, grunt_ministairs_6,
          serial_bayou_ford_a
D:4:      layout_layer_cave, minmay_temple_entry_drinking_statues,
          amethyst_killhole, kennysheep_generic_room_7
D:5:      layout_basic
D:6:      layout_basic, uniq_blork_the_orc, uniq_crazy_yiuf_cottage
D:7:      layout_cave_pools, minmay_curled_crystal, uniq_prince_ribbit1,
          uniq_menkaure
D:8:      layout_basic
D:9:      layout_loops_ring, kennysheep_little_box
D:10:     layout_grid_maze, special_room [special_room_orc]
D:11:     layout_loops_ring, david_lair_generic, orc_0_dummy, grunt_livestock,
          lemuel_altar_in_water
D:12:     layout_basic, gammafunk_ghost_wrathful_warriors, basic_altar
D:14:     layout_basic, minmay_misc_feat_iff
D:15:     hangedman_depths_entry_civil_slaughter, layout_irregular_city,
          serial_shops, bzr_in_the_mist, tgw_sif, uniq_nessos, uniq_roxanne
Temple:   nicolae_temple_the_god_donut

Skill      XL: |  1  2  3  4  5  6  7  8  9 10 11 12 |
---------------+-------------------------------------+-----
Fighting       | 3 4 5 6 |  6.4
Unarmed Combat | 4 5 6 8 10 12 13 15 | 15.9
Dodging        | 3 4 5 6 |  6.0
Necromancy     | 1 2 3 4 5 |  5.4
Stealth        | 0 |  0.0
Armour         | 2 |  2.0

Action                   |  1- 3 |  4- 6 |  7- 9 | 10-12 || total
-------------------------+-------+-------+-------+-------++-------
Melee: Unarmed           |    93 |   148 |   308 |   505 ||  1054
       Punch             |     1 |     3 |    11 |    41 ||    56
Invok: Sacrifice Essence |       |     1 |       |       ||     1
       Sacrifice Love    |       |       |     1 |       ||     1
       Sacrifice Stealth |       |       |       |     1 ||     1
       Sacrifice Artific |       |       |       |     1 ||     1
  Use: Scroll            |       |       |    21 |     3 ||    24
       Potion            |       |       |    12 |     5 ||    17
 Stab: Sleeping          |     2 |       |     1 |       ||     3
       Distracted        |       |       |       |     4 ||     4
       Invisible         |       |       |       |     2 ||     2
  Eat: Chunk             |    16 |    13 |    48 |    36 ||   113
Armor: Robe              |    37 |    32 |    73 |       ||   142
       Skin              |       |       |    25 |       ||    25
       Troll leather arm |       |       |     1 |   119 ||   120
Dodge: Dodged            |    51 |    71 |   167 |   225 ||   514
